Workbook

Sheet Hoja1
A3: MATRIZ DE INFORMACIÓN MINIMA PARA INFORME PARCIAL DE RENDICIÓN DE CUENTAS AL CIUDADANO
A5: 1- PRESENTACIÓN
A6: Institución: Ministerio del Ambiente y Desarrollo Sostenible
A7: Periodo del informe: ENERO 2022
A8: Misión institucional
A9: El Ministerio del Ambiente y Desarrollo Sostenible disena, establece, supervisa, fiscaliza y evalua la Polftica Ambiental National, promoviendo la investigation, recuperation, conservation, preservation, protection, ordenamiento, manejo y aprovechamiento de los recursos naturales, de manera articulada con organizaciones publicas, privadas y de la sociedad civil, a fin de asegurar el desarrollo sostenible y garantizar el derecho de todos los ciudadanos, de las generaciones presentes y futuras, a vivir en un ambiente saludable y disfrutar de los bienes y servicios brindados por los ecosistemas.
A16: Qué es la institución (en lenguaje sencillo, menos de 100 palabras)
A17: En el año 2000, por Ley N° 1561, se crea el Sistema Nacional del Ambiente, el Consejo del Ambiente y la Secretaria del Ambiente (SEAM). En el mes de agosto del ano 2018 se promulga la Ley 6123/18 Que Eleva a Rango de Ministerio a la Secretaria del Ambiente y pasa a Denominarse Ministerio del Ambiente y Desarrollo Sostenible. El objetivo de la institution el cual se describe como "la formulación, coordinación, ejecución y fiscalización de la politica ambiental nacional.
A24: 2-Presentación del CRCC http://www.mades.gov.py/resoluciones/por-la-cual-se-conforma-el-comite-de-rendicion-de-cuentas-al-ciudadano-del-ministerio-del-ambiente-y-desarrollo-sostenible/
A26: Nro. | B26: Dependencia | C26: Responsable | D26: Cargo que Ocupa
A27: 1 | B27: Dirección de Transparencia y Anticorrupción | C27: Amelia Ramirez | D27: Directora
A28: 2 | B28: Dirección de Gabinete | C28: Rossana Ramirez | D28: Coordinadora
A29: 3 | B29: Direcciones Grales (DGCCARN-DGPCRH-DGPCB-DGGA-DGA) | C29: Arnaldo Muñoz-Beatriz Silvero-Estela Gomez-Maria Jose Mendoza-Sofia Vera. | D29: Jefe de Verificación,Tecnica, Directora, Directora y Directora
A30: 4 | B30: Dirección de Administración y Finanzas | C30: Julio Verthe | D30: Director Financiero
A31: 5 | B31: Dirección de Planificación Estrategica | C31: Jesús Riquelme | D31: Jefe de Planificación
A32: 6 | B32: Dirección de Comunicación Social | C32: Alfredo Penzzi | D32: Director
A33: 7 | B33: Auditoria Interna | C33: Sandra Leiva | D33: Directora
A34: 8 | B34: Coordinación MECIP | C34: Beatriz Silvero | D34: Coordinadora
A35: 9 | B35: Dirección de Sistemas Informáticos | C35: Angelina Prieto | D35: Técnica
A37: 3- Plan de Rendición de Cuentas
A38: 3.1. Resolución de Aprobación y Anexo de Plan de Rendición de Cuentas
A39: Evidencia (Enlace del documento)
A41: 3.2 Plan de Rendición de Cuentas. El comité evaluo, los temas mas solicitados por la ciudadania, en cuanto a servicios, la medicion se ha realizado condiderado las solicitudes de acceso a la información presentadas ante el Portal Unificado, en el cual de acuerdo a la reiteraciones se ha visualizado el interes en los temas prioizados, asi tambien se ha tomado las denuncias como eje de relevancia para la ciudadania en los temas de interes.
A45: Priorización | B45: Tema / Descripción | C45: Vinculación POI, PEI, PND, ODS. | D45: Justificaciones | E45: Evidencia
A46: 1° | B46: Declaraciones de Impacto Ambiental
A47: 2° | B47: Licencias de Pesca
A48: 3° | B48: Ozono
A50: 4-Gestión Institucional
A51: 4.1 Nivel de Cumplimiento de Minimo de Información Disponible - Transparencia Activa Ley 5189 /14
A52: Mes | B52: Nivel de Cumplimiento (%) | C52: Enlace de la SFP
A53: Enero | B53: Intermedio | C53: https://www.sfp.gov.py/sfp/archivos/documentos/Intermedio_Enero_2020_r6
A54: Febrero | B54: Intermedio | C54: https://www.sfp.gov.py/sfp/archivos/documentos/Intermedio_Febrero_2020_
A55: Marzo | B55: Intermedio | C55: https://www.sfp.gov.py/sfp/archivos/documentos/Intermedio_Marzo_2020_zc
A56: Abril | B56: Intermedio | C56: https://www.sfp.gov.py/sfp/archivos/documentos/Informe_Abril_2020_dnpn2ryv.pdf
A58: 4.2 Nivel de Cumplimiento de Minimo de Información Disponible - Transparencia Activa Ley 5282/14
A59: Mes | B59: Nivel de Cumplimiento (%) | C59: Enlace SENAC
A60: Enero | B60: 83.33 | C60: https://app.powerbi.com/view?r=eyJrIjoiMmJlYjg1YzgtMmQ3Mi00YzVkLWJkOTQtOTE3ZTZkNzVhYTAzIiwidCI6Ijk2ZDUwYjY5LTE5MGQtNDkxYy1hM2U1LWExYWRlYmMxYTg3NSJ9
A61: Febrero | B61: 83.33 | C61: https://app.powerbi.com/view?r=eyJrIjoiMmJlYjg1YzgtMmQ3Mi00YzVkLWJkOTQtOTE3ZTZkNzVhYTAzIiwidCI6Ijk2ZDUwYjY5LTE5MGQtNDkxYy1hM2U1LWExYWRlYmMxYTg3NSJ9
A62: Marzo | B62: 80 | C62: https://app.powerbi.com/view?r=eyJrIjoiMmJlYjg1YzgtMmQ3Mi00YzVkLWJkOTQtOTE3ZTZkNzVhYTAzIiwidCI6Ijk2ZDUwYjY5LTE5MGQtNDkxYy1hM2U1LWExYWRlYmMxYTg3NSJ9
A63: Abril | B63: 80 | C63: https://app.powerbi.com/view?r=eyJrIjoiMmJlYjg1YzgtMmQ3Mi00YzVkLWJkOTQtOTE3ZTZkNzVhYTAzIiwidCI6Ijk2ZDUwYjY5LTE5MGQtNDkxYy1hM2U1LWExYWRlYmMxYTg3NSJ9
A65: 4.3 Nivel de Cumplimiento de Respuestas a Consultas Ciudadanas - Transparencia Pasiva Ley N° 5282/14
A67: Mes | B67: Cantidad de Consultas | C67: Respondidos | D67: No Respondidos | E67: Enlace Ministerio de Justicia
A68: Enero | B68: 20 | C68: 20 | D68: 0
A69: Febrero | B69: 21 | C69: 21 | D69: 0 | E69: Reconsiderado 1
A70: Marzo | B70: 10 | C70: 10 | D70: 0
A71: Abril | B71: 11 | C71: 11 | D71: 0
A72: Mayo | B72: 36 | C72: 36 | D72: 0 | E72: Reconsiderado 1
A73: Junio | B73: 15 | C73: 15 | D73: 1 en plazo
A75: 4.4 Proyectos y Programas Ejecutados a la fecha del Informe (listado referencial, apoyarse en gráficos ilustrativos)
A76: N° | B76: Descripción | C76: Objetivo/Resultado esperado | D76: Metas | E76: Población Beneficiaria | F76: Valor de Inversión | G76: Porcentaje de Ejecución (dentro de la Actividad) | H76: Evidencias
B77: Programa Central | C77: Conservación y preservación de los Recursos Naturales en el territorio nacional, garantizados | D77: 15% en Gestión Administrativa | E77: Remitirse al punto 4.6 | F77: 2249069420 | G77: 8 | H77: REPORTE DE EJECUCIÓN PRESUPUESTARIA (ENERO) DEL SIARE/SIAF
D78: 2.566 instrumentos de Gestión Ambiental | E78: Remitirse al punto 4.6 | F78: 244129606 | G78: 2 | H78: REPORTE DE EJECUCIÓN PRESUPUESTARIA (ENERO) DEL SIARE/SIAF
D79: 0 Planes | E79: Remitirse al punto 4.6 | F79: 438083108 | G79: 4 | H79: REPORTE DE EJECUCIÓN PRESUPUESTARIA (ENERO) DEL SIARE/SIAF
A81: 4.5 Proyectos y Programas no Ejecutados (listado referencial, aporyarse en gráficos ilustrativos)
C82: Dificultades (Breve Descripción)
A83: N° | B83: Descripción | C83: Financieras | D83: De Gestión | E83: Externas | F83: Otras
A84: N/A (No se cuenta con proyectos dentro del presupuesto vigente y el Programa Central del MADES está en ejecución actualmente)
A86: 4.6 Servicios o Productos Misionales (Depende de la Naturaleza de la Misión Insitucional, puede abarcar un Programa o Proyecto)
A87: N° | B87: Descripción | C87: Objetivo | D87: Metas | E87: Población Beneficiaria | F87: Porcentaje de Ejecución | G87: Resultados Logrados | H87: Evidencia (Informe de Avance de Metas - SPR)
A91: 4.7 Contrataciones realizadas
A92: ID | B92: Objeto | C92: Valor del Contrato | D92: Proveedor Adjudicado | E92: Estado (Ejecución - Finiquitado) | F92: Enlace DNCP
A97: 4.8 Ejecución Financiera (Generar gráfica)
A98: Rubro | B98: Sub-rubros | C98: Descripción | D98: Presupuestado | E98: Ejecutado | F98: Saldos | G98: Evidencia
A99: 100 | B99: 100 | C99: SERVICIOS PERSONALES | D99: =SUM(D100:D104) -> 41533352501 | E99: =SUM(E100:E104) -> 2898302003 | F99: =SUM(F100:F104) -> 38635050498 | G99: REPORTE DE EJECUCIÓN PRESUPUESTARIA (ENERO) DEL SIARE/SIAF
B100: 110 | C100: REMUNERACIONES BÁSICAS | D100: 27752756720 | E100: 2134827440 | F100: =+D100-E100 -> 25617929280
B101: 120 | C101: REMUNERACIONES TEMPORALES | D101: 1916546000 | E101: 0 | F101: =+D101-E101 -> 1916546000
B102: 130 | C102: ASIGNACIONES COMPLEMENTARIAS | D102: 4659565350 | E102: 303044495 | F102: =+D102-E102 -> 4356520855
B103: 140 | C103: PERSONAL CONTRATADO | D103: 5340867257 | E103: 345931088 | F103: =+D103-E103 -> 4994936169
B104: 190 | C104: OTROS GASTOS DEL PERSONAL | D104: 1863617174 | E104: 114498980 | F104: =+D104-E104 -> 1749118194
A105: 200 | B105: 200 | C105: SERVICIOS NO PERSONALES | D105: =SUM(D106:D112) -> 8343006470 | E105: =SUM(E106:E112) -> 32980131 | F105: =SUM(F106:F112) -> 8310026339
B106: 210 | C106: SERVICIOS BÁSICOS | D106: 404400000 | E106: 32980131 | F106: =+D106-E106 -> 371419869
B107: 230 | C107: PASAJES Y VIÁTICOS | D107: 1801781000 | E107: 0 | F107: =+D107-E107 -> 1801781000
B108: 240 | C108: GASTOS POR SERVICIOS DE ASEO, MANTENIMIENTO Y REPARACIONES | D108: 2328267750 | E108: 0 | F108: =+D108-E108 -> 2328267750
B109: 250 | C109: ALQUILERES Y DERECHOS | D109: 35250000 | E109: 0 | F109: =+D109-E109 -> 35250000
B110: 260 | C110: SERVICIOS TÉCNICOS Y PROFESIONALES | D110: 3301500000 | E110: 0 | F110: =+D110-E110 -> 3301500000
B111: 280 | C111: OTROS SERVICIOS EN GENERAL | D111: 142000000 | E111: 0 | F111: =+D111-E111 -> 142000000
B112: 290 | C112: SERVICIOS DE CAPACITACIÓN Y ADIESTRAMIENTO | D112: 329807720 | E112: 0 | F112: =+D112-E112 -> 329807720
A113: 300 | B113: 300 | C113: BIENES DE CONSUMO E INSUMOS | D113: =SUM(D114:D120) -> 2471592260 | E113: =SUM(E114:E120) -> 0 | F113: =SUM(F114:F120) -> 2471592260
B114: 310 | C114: PRODUCTOS ALIMENTICIOS | D114: 231575000 | E114: 0 | F114: =+D114-E114 -> 231575000
B115: 320 | C115: TEXTILES Y VESTUARIOS | D115: 6000000 | E115: 0 | F115: =+D115-E115 -> 6000000
B116: 330 | C116: PRODUCTOS DE PAPEL, CARTÓN E IMPRESOS | D116: 65882250 | E116: 0 | F116: =+D116-E116 -> 65882250
B117: 340 | C117: BIENES DE CONSUMO DE OFICINAS E INSUMOS | D117: 232309300 | E117: 0 | F117: =+D117-E117 -> 232309300
B118: 350 | C118: PRODUCTOS E INSTRUM. QUÍMICOS Y MEDICINALES | D118: 139778000 | E118: 0 | F118: =+D118-E118 -> 139778000
B119: 360 | C119: COMBUSTIBLES Y LUBRICANTES | D119: 1500000000 | E119: 0 | F119: =+D119-E119 -> 1500000000
B120: 390 | C120: OTROS BIENES DE CONSUMO | D120: 296047710 | E120: 0 | F120: =+D120-E120 -> 296047710
A121: 500 | B121: 500 | C121: INVERSION FÍSICA | D121: =SUM(D122:D125) -> 2679597084 | E121: =SUM(E122:E125) -> 0 | F121: =SUM(F122:F125) -> 2679597084
B122: 520 | C122: CONSTRUCCIONES | D122: 241948664 | E122: 0 | F122: =+D122-E122 -> 241948664
B123: 530 | C123: ADQUISICIONES DE MAQUINARIAS, EQUIPOS Y HERRAMIENTAS EN GENE | D123: 1592648420 | E123: 0 | F123: =+D123-E123 -> 1592648420
B124: 540 | C124: ADQUISICIONES DE EQUIPOS DE OFICINA Y COMPUTACION | D124: 545000000 | E124: 0 | F124: =+D124-E124 -> 545000000
B125: 570 | C125: ADQUISICIÓN DE ACTIVOS INTANGIBLES | D125: 300000000 | E125: 0 | F125: =+D125-E125 -> 300000000
A126: 800 | B126: 800 | C126: TRANSFERENCIAS | D126: =+D127 -> 200000000 | E126: =+E127 -> 0 | F126: =+F127 -> 200000000
B127: 850 | C127: TRANSFERENCIAS CORRIENTES AL SECTOR EXTERNO | D127: 200000000 | E127: 0 | F127: =+D127-E127 -> 200000000
A128: 900 | B128: 900 | C128: OTROS GASTOS | D128: =+D129+D130 -> 685000000 | E128: =+E129+E130 -> 0 | F128: =+F129+F130 -> 685000000
B129: 910 | C129: PAGO DE IMPUESTOS, TASAS, GASTOS JUDICIALES Y OTROS | D129: 675000000 | E129: 0 | F129: =+D129-E129 -> 675000000
B130: 920 | C130: DEVOLUCIÓN DE IMPUESTOS Y OTROS INGRESOS NO TRIBUTARIOS | D130: 10000000 | E130: 0 | F130: =+D130-E130 -> 10000000
C131: TOTAL GENERAL | D131: =+D128+D126+D121+D113+D105+D99 -> 55912548315 | E131: =+E128+E126+E121+E113+E105+E99 -> 2931282134 | F131: =+F128+F126+F121+F113+F105+F99 -> 52981266181
A133: 4.9 Fortalecimiento Institucional (Normativas, Estructura Interna, Infraestructura, adquisiciones, etc. En el trimestre, periodo del Informe)
A134: Nro. | B134: Descripción del Fortalecimiento | C134: Costo de Inversión | D134: Descripción del Beneficio | E134: Evidencia
A138: 5- Instancias de Participación Ciudadana
A139: 5.1. Canales de Participación Ciudadana existentes a la fecha.
...

Sheet 4.4 GRÁFICO METAS Y EJEC.
A24: Observación: Los porcentajes reflejados en el gráfico son en relación a la ejecución total del mes
A45: Metas | B45: Valor de Inversión | C45: Porcentaje de Ejecución dentro de la Actividad | D45: Porcentaje en relación a la ejecución total del mes
A46: Gestión Administrativa Institucional | B46: =+Hoja1!F77 -> 2249069420 | C46: =+Hoja1!G77 -> 8 | D46: =+B46/Hoja1!E131 -> 0.76726474
A47: Instrumentos de Gestión | B47: =+Hoja1!F78 -> 244129606 | C47: =+Hoja1!G78 -> 2 | D47: =+B47/Hoja1!E131 -> 0.08328424
A48: Planes | B48: =+Hoja1!F79 -> 438083108 | C48: =+Hoja1!G79 -> 4 | D48: =+B48/Hoja1!D131 -> 0.0078351483

Sheet 4.8 GRÁFICO EJEC. PRESUP.
A1: GRAFICO
A2: EJECUCIÓN PRESUPUESTARIA DE GASTOS (DICIEMBRE 2021)
A28: RESUMEN
A30: GRUPO DE GASTOS | B30: DESCRIPCIÓN | C30: PRESUPUESTO | D30: EJECUTADO | E30: SALDO
A31: =+Hoja1!A99 -> 100 | B31: Servicios personales | C31: =+Hoja1!D99 -> 41533352501 | D31: =+Hoja1!E99 -> 2898302003 | E31: =+Hoja1!F99 -> 38635050498
A32: =+Hoja1!A105 -> 200 | B32: Servicios no personales | C32: =+Hoja1!D105 -> 8343006470 | D32: =+Hoja1!E105 -> 32980131 | E32: =+Hoja1!F105 -> 8310026339
A33: =+Hoja1!A113 -> 300 | B33: Bienes de consumo e insumos | C33: =+Hoja1!D113 -> 2471592260 | D33: =+Hoja1!E113 -> 0 | E33: =+Hoja1!F113 -> 2471592260
A34: =+Hoja1!A121 -> 500 | B34: Inversión fisica | C34: =+Hoja1!D121 -> 2679597084 | D34: =+Hoja1!E121 -> 0 | E34: =+Hoja1!F121 -> 2679597084
A35: =+Hoja1!A126 -> 800 | B35: Transferencias | C35: =+Hoja1!D126 -> 200000000 | D35: =+Hoja1!E126 -> 0 | E35: =+Hoja1!F126 -> 200000000
A36: =+Hoja1!A128 -> 900 | B36: Otros gastos | C36: =+Hoja1!D128 -> 685000000 | D36: =+Hoja1!E128 -> 0 | E36: =+Hoja1!F128 -> 685000000
C37: =SUM(C31:C36) -> 55912548315 | D37: =SUM(D31:D36) -> 2931282134 | E37: =SUM(E31:E36) -> 52981266181

Sheet PROGRAMAS EN EJECUCIÓN JULIO
A1: Programas en ejecución
A2: Proyectos y Programas Ejecutados a la fecha del Informe (listado referencial, apoyarse en gráficos ilustrativos)
A3: N° | B3: Descripción | C3: Objetivo/Resultado esperado | D3: Metas | E3: Población Beneficiaria | F3: Valor de Inversión | G3: Porcentaje de Ejecución (dentro de la Actividad) | H3: Evidencias
A4: 1 | B4: Programa Central | C4: Conservación y preservación de los Recursos Naturales en el territorio nacional, garantizados | D4: 7% en Gestión Administrativa | E4: Remitirse al punto 4.6 | F4: 2214817009 | G4: 6 | H4: REPORTE DE EJECUCIÓN PRESUPUESTARIA (JULIO) DEL SIARE/SIAF
D5: 7.997 instrumentos de Gestión Ambiental | E5: Remitirse al punto 4.6 | F5: 2026127842 | G5: 4 | H5: REPORTE DE EJECUCIÓN PRESUPUESTARIA (JULIO) DEL SIARE/SIAF
D6: 0 Planes | E6: Remitirse al punto 4.6 | F6: 548900079 | G6: 4 | H6: REPORTE DE EJECUCIÓN PRESUPUESTARIA (JULIO) DEL SIARE/SIAF
A8: Proyectos y Programas no Ejecutados (listado referencial, aporyarse en gráficos ilustrativos)
C9: Dificultades (Breve Descripción)
A10: N° | B10: Descripción | C10: Financieras | D10: De Gestión | E10: Externas | F10: Otras
A11: N/A (No se cuenta con proyectos dentro del presupuesto vigente y el Programa Central del MADES está en ejecución actualmente)
A13: 4.6 Servicios o Productos Misionales (Depende de la Naturaleza de la Misión Insitucional, puede abarcar un Programa o Proyecto)
A14: N° | B14: Descripción | C14: Objetivo | D14: Metas | E14: Población Beneficiaria | F14: Porcentaje de Ejecución | G14: Resultados Logrados | H14: Evidencia (Informe de Avance de Metas - SPR)
A18: 4.7 Contrataciones realizadas
A19: ID | B19: Objeto | C19: Valor del Contrato | D19: Proveedor Adjudicado | E19: Estado (Ejecución - Finiquitado) | F19: Enlace DNCP
A24: Ejecución Financiera (Generar gráfica)
A25: Rubro | B25: Sub-rubros | C25: Descripción | D25: Presupuestado | E25: Ejecutado | F25: Saldos | G25: Evidencia
A26: 100 | B26: 100 | C26: SERVICIOS PERSONALES | D26: =SUM(D27:D32) -> 55532179586 | E26: =SUM(E27:E32) -> 3246637600 | F26: =SUM(F27:F32) -> 52285541986 | G26: REPORTE DE EJECUCIÓN PRESUPUESTARIA (JULIO) DEL SIARE/SIAF
B27: 110 | C27: REMUNERACIONES BÁSICAS | D27: 34509822244 | E27: 2173020312 | F27: =+D27-E27 -> 32336801932
B28: 120 | C28: REMUNERACIONES TEMPORALES | D28: 4037137629 | E28: 247734062 | F28: =+D28-E28 -> 3789403567
B29: 130 | C29: ASIGNACIONES COMPLEMENTARIAS | D29: 8147353431 | E29: 456908217 | F29: =+D29-E29 -> 7690445214
B30: 140 | C30: PERSONAL CONTRATADO | D30: 8226349108 | E30: 362452143 | F30: =+D30-E30 -> 7863896965
B31: 180 | C31: FONDOS DE RESERVAS ESPECIALES | D31: 0 | E31: 0 | F31: =+D31-E31 -> 0
B32: 190 | C32: OTROS GASTOS DEL PERSONAL | D32: 611517174 | E32: 6522866 | F32: =+D32-E32 -> 604994308
A33: 200 | B33: 200 | C33: SERVICIOS NO PERSONALES | D33: =SUM(D34:D41) -> 34413333710 | E33: =SUM(E34:E41) -> 1391741390 | F33: =SUM(F34:F41) -> 33021592320
B34: 210 | C34: SERVICIOS BÁSICOS | D34: 703200000 | E34: 38781760 | F34: =+D34-E34 -> 664418240
B35: 230 | C35: PASAJES Y VIÁTICOS | D35: 3692491104 | E35: 96948630 | F35: =+D35-E35 -> 3595542474
B36: 240 | C36: GASTOS POR SERVICIOS DE ASEO, MANTENIMIENTO Y REPARACIONES | D36: 4983912032 | E36: 198900000 | F36: =+D36-E36 -> 4785012032
B37: 250 | C37: ALQUILERES Y DERECHOS | D37: 266400000 | E37: 0 | F37: =+D37-E37 -> 266400000
B38: 260 | C38: SERVICIOS TÉCNICOS Y PROFESIONALES | D38: 19588101634 | E38: 1057111000 | F38: =+D38-E38 -> 18530990634
B39: 270 | C39: SERVICIO SOCIAL | D39: 4386000000 | E39: 0 | F39: =+D39-E39 -> 4386000000
B40: 280 | C40: OTROS SERVICIOS EN GENERAL | D40: 483711220 | E40: 0 | F40: =+D40-E40 -> 483711220
B41: 290 | C41: SERVICIOS DE CAPACITACIÓN Y ADIESTRAMIENTO | D41: 309517720 | E41: 0 | F41: =+D41-E41 -> 309517720
A42: 300 | B42: 300 | C42: BIENES DE CONSUMO E INSUMOS | D42: =SUM(D43:D48) -> 4329505318 | E42: =SUM(E43:E48) -> 151465940 | F42: =SUM(F43:F48) -> 4178039378
B43: 310 | C43: PRODUCTOS ALIMENTICIOS | D43: 375000000 | E43: 4477780 | F43: =+D43-E43 -> 370522220
B44: 330 | C44: PRODUCTOS DE PAPEL, CARTÓN E IMPRESOS | D44: 279223378 | E44: 0 | F44: =+D44-E44 -> 279223378
B45: 340 | C45: BIENES DE CONSUMO DE OFICINAS E INSUMOS | D45: 225100000 | E45: 0 | F45: =+D45-E45 -> 225100000
B46: 350 | C46: PRODUCTOS E INSTRUM. QUÍMICOS Y MEDICINALES | D46: 625447902 | E46: 0 | F46: =+D46-E46 -> 625447902
B47: 360 | C47: COMBUSTIBLES Y LUBRICANTES | D47: 2410000000 | E47: 146988160 | F47: =+D47-E47 -> 2263011840
B48: 390 | C48: OTROS BIENES DE CONSUMO | D48: 414734038 | E48: 0 | F48: =+D48-E48 -> 414734038
A49: 500 | B49: 500 | C49: INVERSION FÍSICA | D49: =SUM(D50:D53) -> 3736525000 | E49: =SUM(E52:E53) -> 0 | F49: =SUM(F50:F53) -> 3736525000
B50: 520 | C50: CONSTRUCCIONES | D50: 350000000 | E50: 0 | F50: =+D50-E50 -> 350000000
B51: 530 | C51: ADQ DE MAQUINARIAS, EQUIPOS Y HERRAMIENTAS | D51: 1239018300 | E51: 0 | F51: =+D51-E51 -> 1239018300
B52: 540 | C52: ADQUISICIONES DE EQUIPOS DE OFICINA Y COMPUTACION | D52: 1949506700 | E52: 0 | F52: =+D52-E52 -> 1949506700
B53: 570 | C53: ADQUISICIÓN DE ACTIVOS INTANGIBLES | D53: 198000000 | E53: 0 | F53: =+D53-E53 -> 198000000
A54: 800 | B54: 800 | C54: TRANSFERENCIAS | D54: =+D56+D55 -> 1420458971 | E54: 0 | F54: =SUM(F55:F56) -> 1420458971
B55: 840 | C55: TRANSFERENCIASCORRIENTES AL SECTOR PRIVADO | D55: 1220458971 | E55: 0 | F55: =+D55-E55 -> 1220458971
B56: 850 | C56: TRANSFERENCIAS CORRIENTES AL SECTOR EXTERNO | D56: 200000000 | E56: 0 | F56: =+D56-E56 -> 200000000
A57: 900 | B57: 900 | C57: OTROS GASTOS | D57: =+D58+D59 -> 296839905 | E57: =+E58+E59 -> 0 | F57: =+F58+F59 -> 296839905
B58: 910 | C58: PAGO DE IMPUESTOS, TASAS, GASTOS JUDICIALES Y OTROS | D58: 286839905 | E58: 0 | F58: =+D58-E58 -> 286839905
B59: 920 | C59: DEVOLUCIÓN DE IMPUESTOS Y OTROS INGRESOS NO TRIBUTARIOS | D59: 10000000 | E59: 0 | F59: =+D59-E59 -> 10000000
C60: TOTAL GENERAL | D60: =+D57+D54+D49+D42+D33+D26 -> 99728842490 | E60: =+E57+E54+E49+E42+E33+E26 -> 4789844930 | F60: =+F57+F54+F49+F42+F33+F26 -> 94938997560
A62: 4.9 Fortalecimiento Institucional (Normativas, Estructura Interna, Infraestructura, adquisiciones, etc. En el trimestre, periodo del Informe)
A63: Nro. | B63: Descripción del Fortalecimiento | C63: Costo de Inversión | D63: Descripción del Beneficio | E63: Evidencia
A67: 5- Instancias de Participación Ciudadana
A68: 5.1. Canales de Participación Ciudadana existentes a la fecha.
A69: N° | B69: Denominación | C69: Descripción | D69: Dependencia Responsable del Canal de Participación | E69: Evidencia (Página Web, Buzón de SQR, Etc.)
A75: 5.2. Aportes y Mejoras resultantes de la Participación Ciudadana
A76: Propuesta de Mejora | B76: Canal Utilizado | C76: Acción o Medida tomada por OEE | D76: Evidencia | E76: Observaciones
A82: 5.3 Gestión de denuncias de corrupción
A83: Ticket Numero | B83: Fecha Ingreso | C83: Descripción | D83: Estado | E83: Evidencia
A89: Link al Panel de Denuncia de la SENAC
A91: 6- Control Interno y Externo
A93: Informes de Auditorias Internas y Auditorías Externas en el Trimestre
A94: Auditorias Financieras
A95: Nro. de Informe | B95: Descripción | C95: Evidencia (Enlace Ley 5282/14)
A96: Dictámenes 2 y 3/2020, para su presentación ante la CGR y el MH | B96: Verificación de Estados Financieros cierre Ejercicio 2019
A97: Dictamen N° 1/2020, remitido a la DAF, para acompañar solicitud de Reprogramación Presupuestaria | B97: Pago de Deudas Pendientes Ejercicios Anteriores
A98: Dictamen N° 4/2020, para su presentación ante el MH solicitando Ajuste Contable sobre Ejercicios Fiscales anteriores | B98: Ajustes Contables
A100: Auditorias de Gestión
A101: Nro. de Informe | B101: Descripción | C101: Evidencia (Enlace Ley 5282/14)
A102: Informe de Auditoria N° 2/2020, remitido a la DAF y a la AGPE | B102: Verificación de Cumplimiento Art.41 Ley 2051/03
A103: Informe de Auditoria N° 3/2020, se incluye a los Legajos de Pago | B103: Verificación de solicitud de pago a Proveedores
A104: Informe de Auditoria N° 4/2020, se incluye a Legajo de Pago | B104: Verificación de solicitud de pago a Proveedores
A105: Informe de Auditoria N° 5/2020, se incluye a Legajo de Pago | B105: Verificación de solicitud de Pago a Proveedores
A106: Informe de Auditoria N° 6/2020 | B106: Verificación de Solicitud de Reposición de Caja Chica
A107: Informe de Auditoria N° 7/2020, se incluye a Legajo de Pago | B107: Verificación de solicitud de pago a Proveedores
A108: Informe de Auditoria N° 8/2020, se incluye a Legajo de Pago | B108: Verificación de solicitud de Pago a Proveedores
A109: Dictamen N° 5/2020 | B109: Verificación de Informes en relación al cumplimiento de disposiciones relacionadas a Depósitos de Ingresos
A110: Informe de Auditoria N° 9/2020 | B110: Verificación de solicitud de pago a Proveedores
A111: Dictamen N° 6/2020 | B111: Verificación sobre devolución de pago indebido solicitado por proponente
A112: Informe de Auditoria N° 10/2020 | B112: Verificación de Exptes.obrantes en la DAJ, correspondientes a Ejercicios anteriores
A113: Informe de Auditoria N° 11/2020 | B113: Verificación de Gestión de la Dirección de Servicios Ambientales
A114: Informe de Auditoria N° 12/2020 | B114: Verificación de solicitud de Pago a Proveedores
A115: Auditorías Externas
A116: Nro. de Informe | B116: Descripción | C116: Evidencia (Enlace Ley 5282/14)
A118: Otros tipos de Auditoria
A119: Nro. de Informe | B119: Descripción | C119: Evidencia (Enlace Ley 5282/14)
A121: Planes de Mejoramiento elaborados en el Trimestre
A122: Nro. | B122: Informe de referencia | C122: Evidencia (Adjuntar Documento)
A123: Plan de Mejormiento Institucional | B123: Res.256/19 AGPE"Por la cual se autoriza la realización de una Auditoria de revisión especial en el Ministerio de Medio Ambiente y Desarrollo Sostenible MADES, correspondiente al ejercicio fiscal 2017 y 2018"
A129: 7- Descripción cualitativa de logros alcanzados en el Trimestre (apoyar con gráficos, cuadros dinámicos que describan lo alcanzado)
A179: GRAFICO
A180: EJECUCIÓN PRESUPUESTARIA DE GASTOS (ENERO 2023)

Sheet 4.4 GRÁFICO METAS Y EJEC. (2)
A24: Observación: Los porcentajes reflejados en el gráfico son en relación a la ejecución total del mes
A45: Metas | B45: Valor de Inversión | C45: Porcentaje de Ejecución dentro de la Actividad | D45: Porcentaje en relación a la ejecución total del mes
A46: Gestión Administrativa Institucional | B46: =+'PROGRAMAS EN EJECUCIÓN JULIO'!$F$4 -> 2214817009 | C46: =+'PROGRAMAS EN EJECUCIÓN JULIO'!$G$4 -> 6 | D46: =+B46/B49 -> 0.46239848
A47: Instrumentos de Gestión | B47: =+'PROGRAMAS EN EJECUCIÓN JULIO'!$F$5 -> 2026127842 | C47: =+'PROGRAMAS EN EJECUCIÓN JULIO'!$G$5 -> 4 | D47: =+B47/B49 -> 0.42300489
A48: Planes | B48: =+'PROGRAMAS EN EJECUCIÓN JULIO'!$F$6 -> 548900079 | C48: =+'PROGRAMAS EN EJECUCIÓN JULIO'!$G$6 -> 4 | D48: =+B48/B49 -> 0.11459663
A49: Ejecución total del mes | B49: =SUM(B46:B48) -> 4789844930

Sheet 4.8 GRÁFICO EJEC. PRESUP. (2)
A1: GRAFICO
A2: EJECUCIÓN PRESUPUESTARIA DE GASTOS (DICIEMBRE 2021)
A28: RESUMEN
A30: GRUPO DE GASTOS | B30: DESCRIPCIÓN | C30: PRESUPUESTO | D30: EJECUTADO | E30: SALDO
A31: =+[1]Hoja1!A99 -> 100 | B31: Servicios personales | C31: =+'PROGRAMAS EN EJECUCIÓN JULIO'!$D$26 -> 55532179586 | D31: =+'PROGRAMAS EN EJECUCIÓN JULIO'!$E$26 -> 3246637600 | E31: =+C31-D31 -> 52285541986
A32: =+[1]Hoja1!A105 -> 200 | B32: Servicios no personales | C32: =+'PROGRAMAS EN EJECUCIÓN JULIO'!$D$33 -> 34413333710 | D32: =+'PROGRAMAS EN EJECUCIÓN JULIO'!$E$33 -> 1391741390 | E32: =+C32-D32 -> 33021592320
A33: =+[1]Hoja1!A113 -> 300 | B33: Bienes de consumo e insumos | C33: =+'PROGRAMAS EN EJECUCIÓN JULIO'!$D$42 -> 4329505318 | D33: =+'PROGRAMAS EN EJECUCIÓN JULIO'!E42 -> 151465940 | E33: =+C33-D33 -> 4178039378
A34: =+[1]Hoja1!A121 -> 500 | B34: Inversión fisica | C34: =+'PROGRAMAS EN EJECUCIÓN JULIO'!$D$49 -> 3736525000 | D34: =+'PROGRAMAS EN EJECUCIÓN JULIO'!E49 -> 0 | E34: =+C34-D34 -> 3736525000
A35: =+[1]Hoja1!A126 -> 800 | B35: Transferencias | C35: =+'PROGRAMAS EN EJECUCIÓN JULIO'!$D$54 -> 1420458971 | D35: =+'PROGRAMAS EN EJECUCIÓN JULIO'!E54 -> 0 | E35: =+C35-D35 -> 1420458971
A36: =+[1]Hoja1!A128 -> 900 | B36: Otros gastos | C36: =+'PROGRAMAS EN EJECUCIÓN JULIO'!$D$57 -> 296839905 | D36: =+'PROGRAMAS EN EJECUCIÓN JULIO'!E57 -> 0 | E36: =+C36-D36 -> 296839905
C37: =SUM(C31:C36) -> 99728842490 | D37: =SUM(D31:D36) -> 4789844930 | E37: =SUM(E31:E36) -> 94938997560
